 Dungeon Crawl Stone Soup version 0.29.1-15-g9cfb28693d (webtiles) character file.

Game seed: 11216136861533051342

1407 sentinel the Thaumaturge (level 9, 0/75 HPs)
             Began as a Meteoran Earth Elementalist on Aug 21, 2023.
             Slain by a killer bee (3 damage)
             ... on level 7 of the Dungeon.
             The game lasted 00:06:49 (1011 turns).

sentinel the Thaumaturge (MeEE)                     Turns: 1011, Time: 00:06:50

Health: 0/75       AC:  3    Str:  9    XL:     9   Next: 21%
Magic:  9/22       EV: 13    Int: 20    God:
Gold:   0          SH:  0    Dex: 17    Spells: 19/25 levels left

rFire   + . .      SeeInvis .   (no weapon)
rCold   . . .      Faith    .   (no shield)
rNeg    . . .      Spirit   .   a - +1 robe
rPois   .          Reflect  .   (no helmet)
rElec   .          Harm     .   (no cloak)
rCorr   .          Rampage  .   (no gloves)
Will    +....                   (no boots)
Stlth   +.........              h - amulet of the acrobat
HPRegen 0.22/turn               j - +4 ring of slaying
MPRegen 0.18/turn               f - ring of protection from fire

@: lethally poisoned (0 -> -5), very slightly contaminated, glowing
A: sense surroundings 2, otherworldly, glowing, explore regen
a: no special abilities


You were on level 7 of the Dungeon.
You visited 1 branch of the dungeon, and saw 7 of its levels.

Inventory:

Armour
 a - a +1 robe (worn)
Jewellery
 f - a ring of protection from fire (right hand)
 h - an amulet of the acrobat (around neck)
 j - a +4 ring of slaying (left hand)
Wands
 V - a wand of flame (23)
Scrolls
 g - a scroll of enchant armour
Potions
 b - a potion of magic
 d - a potion of mutation {unknown}
 e - a potion of resistance {unknown}
 i - 2 potions of attraction {unknown}
 l - a potion of invisibility
 m - a potion of degeneration {unknown}
 o - a potion of flight {unknown}
 w - a potion of heal wounds


   Skills:
 + Level 6.2 Fighting
 - Level 2.4 Dodging
 - Level 1.4 Stealth
 + Level 8.6 Spellcasting
 - Level 3.7 Conjurations
 - Level 1.2 Transmutations
 - Level 6.0 Earth Magic


You had 19 spell levels left.
You knew the following spells:

 Your Spells              Type           Power      Damage    Failure   Level
a - Sandblast             Erth           64%        2d14      1%          1
h - Stone Arrow           Conj/Erth      56%        3d10      3%          3
j - Passwall              Tmut/Erth      19%        N/A       2%          2

Your spell library contained the following spells:

 Spells                   Type           Power      Damage    Failure   Level
 Petrify                  Tmut/Erth      23%        N/A       19%         4
 Tukima's Dance           Hex            8%         N/A       24%         3
 Passage of Golubria      Tloc           8%         N/A       63%         4
 Yara's Violent Unravell  Hex/Tmut       5%         3d4       86%         5


Dungeon Overview and Level Annotations

Branches:
Dungeon (7/15) Zot: 3131
 Temple: D:4-7

Altars:
Qazlal
Ru
Uskayaw
Xom

Shops:
D:6 =


Innate Abilities, Weirdness & Mutations

You passively map the area around you.
You are easily found by Zot.
You glow in the dark.
You regain HP and MP as you explore.


Message History

You open the door.
There is an open door here.
There is an open door here.
Casting: Stone Arrow (dangerous; 3% risk of failure)
Confirm with . or Enter, or press ? or * to list all spells.
Aiming: Passwall (safe; 2% risk of failure)
Press: ? - help, Dir - move target A rock wall.
You begin to meditate on the wall.
You continue meditating on the rock. x2
You finish merging with the rock.
The blast of sand hits the killer bee!
The killer bee is almost dead.
The killer bee buzzes angrily. x4
The killer bee closely misses you. x2; The killer bee misses you.
The killer bee stings you.
The blast of sand hits the killer bee!
You kill the killer bee!
The killer bee stings you but does no damage.
The killer bee barely misses you. x2; The killer bee stings you.
The killer bee stings you but does no damage.
The killer bee stings you!
You are poisoned.
The killer bee poisons you! The killer bee stings you. x2
As you read the scroll of butterflies, it crumbles to dust.
You hear the tinkle of a tiny bell.
You feel sick.
The killer bee closely misses your butterfly.
The killer bee stings you! The killer bee stings you.
The killer bee closely misses you. The killer bee barely misses you.
The killer bee stings you.
The killer bee barely misses your butterfly.
The killer bee barely misses you.
Okay, then.
You are too injured to fight recklessly!
Casting: Sandblast (safe; 1% risk of failure)
Confirm with . or Enter, or press ? or * to list all spells.
Aiming: Sandblast (safe; 1% risk of failure)
Press: ? - help, Shift-Dir - straight line, f - killer bee
Aim: a killer bee (67% to hit)
The blast of sand hits the killer bee!!
You kill the killer bee!
You feel sick. The killer bee closely misses you. The killer bee stings you!
The killer bee closely misses you. The killer bee misses you.
The killer bee stings you!
You are more poisoned.
The killer bee poisons you!
A centaur comes into view.
The killer bee misses you.
The killer bee stings you but does no damage.
The killer bee stings you!
Your Fighting skill increases to level 6!
Blink to where?
Press: ? - help, Dir - move target
Found 5 gold pieces.
As you read the scroll of blinking, it crumbles to dust.
You feel very sick. The killer bee misses your butterfly.
The centaur wields a +0 shortbow.
The centaur shoots an arrow.
The arrow hits you. The killer bee stings your butterfly!
Your butterfly dies!
Your butterfly disappears in a burst of colours!
Casting: Sandblast (safe; 1% risk of failure)
Confirm with . or Enter, or press ? or * to list all spells.
Aiming: Sandblast (safe; 1% risk of failure)
Press: ? - help, Shift-Dir - straight line, f - centaur
Aim: a centaur, wielding a +0 shortbow (90% to hit)
Okay, then.
Casting: Sandblast (safe; 1% risk of failure)
Confirm with . or Enter, or press ? or * to list all spells.
Aiming: Stone Arrow (dangerous; 3% risk of failure)
Press: ? - help, Shift-Dir - straight line, f - centaur
Aim: a centaur, wielding a +0 shortbow (83% to hit)
The stone arrow hits the centaur!!
The centaur is severely wounded.
You feel sick.
The centaur shoots an arrow.
The arrow closely misses you.
Casting: Stone Arrow (dangerous; 3% risk of failure)
Confirm with . or Enter, or press ? or * to list all spells.
Aiming: Stone Arrow (dangerous; 3% risk of failure)
Press: ? - help, Shift-Dir - straight line, f/p - centaur
Aim: a centaur, wielding a +0 shortbow (severely wounded, 83% to hit)
You miscast Stone Arrow.
You are very lightly contaminated with residual magic.
Nothing appears to happen.
You feel sick.
Casting: Stone Arrow (dangerous; 3% risk of failure)
Confirm with . or Enter, or press ? or * to list all spells.
Aiming: Stone Arrow (dangerous; 3% risk of failure)
Press: ? - help, Shift-Dir - straight line, f/p - centaur
Aim: a centaur, wielding a +0 shortbow (severely wounded, 83% to hit)
The stone arrow misses the killer bee.
The stone arrow hits the centaur!
You kill the centaur!
You feel sick.
The killer bee stings you but does no damage.
The killer bee closely misses you. The killer bee stings you! x2
* * * LOW HITPOINT WARNING * * *
HP warning!
Okay, then.
It was a potion of heal wounds.
You feel much better.
w - 2 potions of heal wounds You feel sick.
The killer bee closely misses you. The killer bee barely misses you.
The killer bee stings you. The killer bee closely misses you. x3
Okay, then.
Casting: Stone Arrow (dangerous; 3% risk of failure)
Confirm with . or Enter, or press ? or * to list all spells.
Aiming: Sandblast (safe; 1% risk of failure)
Press: ? - help, Shift-Dir - straight line, f - killer bee
Aim: a killer bee (67% to hit)
Okay, then.
You feel much better.
You feel sick. The killer bee barely misses you. The killer bee stings you.
The killer bee stings you but does no damage.
The killer bee misses you. The killer bee closely misses you.
The killer bee stings you. The killer bee misses you.
The killer bee barely misses you.
Casting: Sandblast (safe; 1% risk of failure)
Confirm with . or Enter, or press ? or * to list all spells.
Aiming: Sandblast (safe; 1% risk of failure)
Press: ? - help, Shift-Dir - straight line, f - killer bee
Aim: a killer bee (67% to hit)
Okay, then.
Casting: Sandblast (safe; 1% risk of failure)
Confirm with . or Enter, or press ? or * to list all spells.
Aiming: Stone Arrow (dangerous; 3% risk of failure)
Press: ? - help, Shift-Dir - straight line, f - killer bee
Aim: a killer bee (ally target, 43% to hit)
The stone arrow hits the killer bee.
The killer bee is moderately wounded.
You feel sick.
The killer bee stings you. x2; The killer bee stings you!
The killer bee stings you. The killer bee closely misses you.
The killer bee barely misses you. The killer bee stings you.
The killer bee misses you.
The killer bee attacks as you move away!
The killer bee closely misses you.
The killer bee attacks as you move away!
The killer bee stings you.
You are more poisoned.
The killer bee poisons you!
You feel sick.
The killer bee stings you but does no damage.
The killer bee closely misses you.
The killer bee completely misses you. x2
Casting: Stone Arrow (dangerous; 3% risk of failure)
Confirm with . or Enter, or press ? or * to list all spells.
Aiming: Stone Arrow (dangerous; 3% risk of failure)
Press: ? - help, Shift-Dir - straight line, f/p - killer bee
Aim: a killer bee (moderately wounded, ally target, 43% to hit)
The stone arrow misses the killer bee.
You feel sick. The killer bee closely misses you. The killer bee stings you!
The killer bee stings you. The killer bee closely misses you.
The killer bee barely misses you. The killer bee stings you.
* * * LOW HITPOINT WARNING * * *
The killer bee barely misses you. The killer bee stings you.
You die...

...#.# #.....# , , ,
####.# #.....# ,, #
#.# #.....# ,, , , #
#.# #.....#####* * +
#.# #.....b...# *
####'######......# *
, .........##.)....#
.........##..b.yy#
.........##....y@#
** ,
.........##....y.# ,
, .........##......#
,, , ,
.........#.......+
,,, ,
.........#$......#**
+ *
.........#........
,, , , , , ,
#........ * , , ,
,#........ * , , * *


You could see 4 killer bees.

Vanquished Creatures
  A yak (D:6)
  Duvessa (D:6)
  3 ice beasts
  An ogre (D:6)
  A centaur (D:7)
  3 scorpions
  A wight (D:6)
  Dowan (D:6)
  2 killer bees (D:7)
  A howler monkey (D:5)
  A centaur zombie (D:7)
  2 hounds (D:4)
  4 orc priests
  An orc wizard (D:6)
  2 adders
  A worm (D:2)
  2 dart slugs
  18 orcs
  A bat (D:3)
  An endoplasm (D:1)
  7 goblins
  3 hobgoblins
  A kobold (D:1)
  4 quokkas
  3 ball pythons
  2 frilled lizards (D:1)
  4 rats
72 creatures vanquished.

Notes
Turn   | Place    | Note
-------+----------+-------------------------------------------
     0 | D:1      | sentinel the Meteoran Earth Elementalist began the quest
                  | for the Orb.
     0 | D:1      | Reached XP level 1. HP: 14/14 MP: 5/5
    48 | D:1      | Reached XP level 2. HP: 20/20 MP: 3/6
   139 | D:1      | Reached XP level 3. HP: 24/26 MP: 5/8
   147 | D:1      | Learned a level 2 spell: Passwall
   151 | D:1      | Learned a level 3 spell: Stone Arrow
   283 | D:3      | Reached skill level 3 in Spellcasting
   283 | D:3      | Reached skill level 5 in Earth Magic
   380 | D:3      | Reached XP level 4. HP: 33/33 MP: 4/9
   441 | D:4      | Noticed an ice beast
   447 | D:4      | Killed an ice beast
   448 | D:4      | Reached XP level 5. HP: 38/38 MP: 1/11
   516 | D:5      | Entered Level 5 of the Dungeon
   551 | D:5      | Noticed a yak
   551 | D:5      | Noticed a yak
   551 | D:5      | Noticed a yak
   551 | D:5      | Noticed a yak
   551 | D:5      | Noticed a yak
   578 | D:5      | Reached XP level 6. HP: 45/45 MP: 5/12
   604 | D:5      | Found a shimmering altar of Xom.
   630 | D:6      | Reached skill level 4 in Spellcasting
   654 | D:6      | Found a stormy altar of Qazlal.
   666 | D:6      | Noticed an ice beast
   673 | D:6      | Killed an ice beast
   674 | D:6      | Reached skill level 5 in Spellcasting
   674 | D:6      | Reached skill level 1 in Fighting
   674 | D:6      | Reached XP level 7. HP: 41/52 MP: 5/15
   700 | D:4      | Reached skill level 6 in Spellcasting
   764 | D:4      | Reached XP level 8. HP: 59/63 MP: 12/18
   767 | D:4      | Noticed a +0 dagger
   769 | D:4      | Noticed a +0 dagger
   770 | D:4      | Noticed a +0 spear
   770 | D:4      | Noticed a +0 falchion
   771 | D:4      | Noticed a +0 falchion
   771 | D:4      | Noticed a +0 short sword
   771 | D:4      | Noticed a +0 spear
   771 | D:4      | Noticed a +0 short sword
   774 | D:4      | Found a hide-covered altar of Uskayaw.
   816 | D:5      | Noticed a yak
   827 | D:6      | Killed a yak
   828 | D:6      | Reached skill level 7 in Spellcasting
   832 | D:6      | Noticed Duvessa
   837 | D:6      | Killed Duvessa
   848 | D:6      | Found a sacrificial altar of Ru.
   850 | D:6      | Noticed Dowan
   854 | D:6      | Killed Dowan
   861 | D:6      | Reached skill level 5 in Fighting
   911 | D:6      | Reached skill level 8 in Spellcasting
   912 | D:6      | Gained mutation: You passively map the area around you.
                  | [Meteoran growth]
   912 | D:6      | Reached XP level 9. HP: 30/74 MP: 8/22
   918 | D:6      | Found Iqeria's Jewellery Shoppe.
  1006 | D:7      | HP: 1/75 [killer bee (7)]
  1011 | D:7      | HP: 3/75 [killer bee (6)]
  1011 | D:7      | Slain by a killer bee

Illustrated notes

Levels and vault maps discovered:
D:1:      minmay_arrival_wavy_path, layout_rooms,
          chequers_ecumenical_altar_simple_redux
D:2:      layout_rooms, hangedman_decor_peaks_small, kennysheep_potato,
          uniq_crazy_yiuf_cottage, uniq_sigmund
D:3:      layout_loops_ring, zin_scriptorium, nicolae_elevator_lobby_plus
D:4:      layout_rooms, nicolae_uskayaw_en_pointe
D:5:      layout_basic, lemuel_crystal_altar, minmay_temple_entry_trees
D:6:      layout_loops_cross, lemuel_coloured_pillars_altar,
          nicolae_ru_sacrificial_ziggurat, mainiacjoe_overflow_catwalk,
          serial_shops, shop, nicolae_ossuary_entry_false_entrances,
          minmay_misc_feat_roman, uniq_duvessa
D:7:      layout_basic, chequers_temple_overflow_statue_of_worship,
          serial_undead, serial_undead_d, serial_undead_f, serial_undead_b,
          serial_undead_a, uniq_pikel, uniq_maggie

Skill      XL: |  1  2  3  4  5  6  7  8  9 |
---------------+----------------------------+-----
Earth Magic    | 4 5 6 |  6.0
Spellcasting   | 3 5 6 8 |  8.6
Conjurations   | 3 |  3.7
Fighting       | 1 3 5 6 |  6.2
Dodging        | |  2.4
Stealth        | |  1.4
Transmutations | |  1.2

Action                   |  1- 3 |  4- 6 |  7- 9 || total
-------------------------+-------+-------+-------++-------
 Cast: Sandblast         |    32 |    34 |    46 ||   112
       Passwall          |     5 |     9 |     8 ||    22
       Stone Arrow       |       |     7 |    20 ||    27
  Use: Scroll            |       |     5 |     5 ||    10
       Potion            |       |       |     2 ||     2
Armor: Robe              |     2 |     5 |    11 ||    18
Dodge: Dodged            |     2 |    20 |    61 ||    83
